 Dungeon Crawl Stone Soup version 0.20.1-1-g8b1a95d (webtiles) character file.

749 Tr0llz0r the Slasher (level 7, -10/60 HPs)
             Began as a Centaur Fighter on Aug 24, 2017.
             Engulfed by a cloud of flame (31 damage)
             ... on level 4 of the Dungeon.
             The game lasted 00:30:40 (5785 turns).

Tr0llz0r the Slasher (Centaur Fighter)              Turns: 5785, Time: 00:30:41

Health: -10/60     AC:  9    Str: 19    XL:     7   Next: 48%
Magic:  7/7        EV:  6    Int:  8    God:
Gold:   278        SH:  9    Dex:  9    Spells: 6/6 levels left

rFire    . . .     SeeInvis .   a - +0 long sword
rCold    . . .     Gourm    .   c - +0 shield
rNeg     . . .     Faith    .   b - +0 scale mail
rPois    .         Spirit   .   p - +1 helmet
rElec    .         Reflect  .   (no cloak)
rCorr    .         Harm     .   (no gloves)
MR       .....                  (no barding)
Stlth    ..........             e - amulet of rage
Regen    0.2/turn               (no ring)
MPRegen  0.1/turn               (no ring)

@: very quick
A: hooves 3, deformed body, speed 2, tough skin 3
a: Evoke Berserk Rage


You were on level 4 of the Dungeon.
You were not hungry.

You visited 1 branch of the dungeon, and saw 4 of its levels.
You also visited: Sewer and Ossuary.

You collected 278 gold pieces.

Inventory:

Hand Weapons
 a - a +0 long sword (weapon)
 g - a +0 mace
 h - a +2 short sword of holy wrath
 n - a +0 hunting sling
 o - a +0 hunting sling of freezing
 x - a +0 halberd
 y - a +0 spear
Missiles
 i - 176 stones (quivered)
 j - 22 sling bullets
 l - 7 needles of confusion
 C - 11 arrows
Armour
 b - a +0 scale mail (worn)
 c - a +0 shield (worn)
 p - a +1 helmet (worn)
 F - a +0 pair of gloves of dexterity
Jewellery
 e - an amulet of rage (around neck)
Wands
 z - a wand of digging (5/24)
 A - a wand of random effects (26/48)
 B - a wand of random effects (18/48)
Scrolls
 k - a scroll of remove curse
 m - a scroll of recharging
 s - 5 scrolls of teleportation
 u - 2 scrolls of enchant weapon
 w - a scroll of immolation
Potions
 d - 3 potions of might
 f - 2 potions of heal wounds
 q - a potion of agility {unknown}
 r - 3 potions of magic {unknown}
 t - a potion of flight {unknown}
 D - a potion of mutation {unknown}
 E - a potion of curing {unknown}
Comestibles
 v - a meat ration


   Skills:
 + Level 4.4 Fighting
 + Level 4.6 Long Blades
 + Level 3.4 Armour
 + Level 1.7 Dodging
 + Level 3.4 Shields
 + Level 0.8 Evocations


You had 6 spell levels left.
You didn't know any spells.

Dungeon Overview and Level Annotations

Branches:
Dungeon (4/15)
 Temple: D:4-7

Altars:
Ashenzari
Makhleb
Nemelex Xobeh


Innate Abilities, Weirdness & Mutations

You have hooves in place of feet.
Armour fits poorly on your strangely shaped body.
You cover ground very quickly.
You have extremely tough skin. (AC +3)


Message History

You block the jackal's attack. The jackal barely misses you.
The gnoll barely misses you.
You barely miss the jackal. You block the jackal's attack.
The jackal bites you but does no damage. x2
The gnoll hits you but does no damage.
The jackal bites you but does no damage.
You block the jackal's attack. The jackal barely misses you.
You riposte.
You hit the jackal. Your kick misses the jackal.
The jackal is heavily wounded.
You completely miss the jackal. You kick the jackal.
The jackal explodes!
The fiery explosion engulfs the gnoll.
The gnoll explodes!
The fiery explosion engulfs the jackal.
The jackal explodes!
The fiery explosion engulfs you!
You hear a splash. x2
The fiery explosion engulfs you!
You are engulfed in blazing flames.
Ouch! That really hurt!
You die...

#.# #.# #.#
################.#
.................#
########..########
.........g.....
≈≈≈≈§§§§h≈≈≈≈≈≈
≈≈≈≈§§§@h≈≈≈≈≈≈
≈%≈≈§§§§.≈≈≈≈≈≈
...%.%....%....
#####++++######


You could see a gnoll (inner flame) and 2 jackals.

Vanquished Creatures
  A water moccasin zombie (D:4)
  A scorpion (D:4)
  A human zombie (Ossuary)
  An orc priest (D:3)
  A bullfrog skeleton (D:4)
  Natasha (thrice) (D:3)
  Ijyb (D:3)
  An orc wizard (D:4)
  2 worker ants (D:3)
  2 hound zombies (Ossuary)
  3 mummies (Ossuary)
  8 adders
  5 gnolls
  2 river rats
  An ooze (D:2)
  5 adder zombies (Ossuary)
  4 worms
  An adder skeleton (D:4)
  A dart slug (D:1)
  3 leopard geckos
  5 orcs
  3 bats
  8 giant cockroaches
  7 goblins
  8 hobgoblins
  17 jackals
  2 quokkas
  3 ball pythons
  15 frilled lizards
  3 gnoll zombies (Ossuary)
  2 goblin zombies (Ossuary)
  4 hobgoblin zombies (Ossuary)
  8 kobolds
  5 kobold zombies (Ossuary)
  4 orc zombies (Ossuary)
  5 quokka zombies (Ossuary)
  11 rats
  5 rat zombies (Ossuary)
162 creatures vanquished.

Notes
Turn   | Place    | Note
-------+----------+-------------------------------------------
     0 | D:1      | Tr0llz0r the Centaur Fighter began the quest for the Orb.
     0 | D:1      | Reached XP level 1. HP: 19/19 MP: 1/1
    14 | D:1      | Found a sparkling altar of Nemelex Xobeh.
    66 | D:1      | Reached XP level 2. HP: 20/26 MP: 2/2
   638 | D:1      | Reached XP level 3. HP: 16/31 MP: 3/3
  1228 | D:2      | Reached XP level 4. HP: 15/38 MP: 4/4
  2593 | D:3      | Found a glowing drain.
  2596 | D:3      | Noticed Natasha
  2612 | D:3      | Killed Natasha
  2612 | D:3      | Reached XP level 5. HP: 9/45 MP: 5/5
  2614 | Sewer    | Entered a sewer
  3798 | D:3      | Found a shattered altar of Ashenzari.
  3841 | D:3      | Noticed Ijyb
  3853 | D:3      | Killed Ijyb
  3853 | D:3      | Reached skill level 1 in Dodging
  3858 | D:3      | Reached XP level 6. HP: 21/52 MP: 6/6
  3862 | D:3      | HP: 3/78 [gnoll/spear (3)]
  4171 | D:3      | Found a burning altar of Makhleb.
  4623 | D:3      | Noticed Natasha
  4633 | D:3      | Killed Natasha
  4769 | D:3      | Noticed Natasha
  4773 | D:3      | Killed Natasha
  4955 | D:4      | Found a sand-covered staircase.
  5119 | Ossuary  | Entered an ossuary
  5211 | Ossuary  | Reached XP level 7. HP: 56/59 MP: 7/7
  5785 | D:4      | Engulfed by a cloud of flame

Skill      XL: |  1  2  3  4  5  6  7 |
---------------+----------------------+-----
Long Blades    | 2 3 4 |  4.6
Armour         | 3 |  3.4
Dodging        | 1 |  1.7
Fighting       | 4 |  4.4
Shields        | 3 |  3.4
Evocations     | |  0.8

Action                   |  1- 3 |  4- 6 |  7- 9 || total
-------------------------+-------+-------+-------++-------
Melee: Long sword        |   106 |   262 |    90 ||   458
       Kick              |    12 |    60 |    27 ||    99
 Abil: Evoke Berserk Rag |       |     1 |       ||     1
  Use: Scroll            |     2 |     3 |     7 ||    12
       Potion            |       |     3 |       ||     3
  Eat: Bread ration      |       |     2 |       ||     2
       Fruit             |       |     2 |       ||     2
       Meat ration       |       |     1 |       ||     1
Armor: Scale mail        |    61 |   153 |    42 ||   256
Dodge: Dodged            |    32 |    84 |    30 ||   146
Block: Shield            |    56 |   178 |    44 ||   278
       Rpst.: Long sword |    11 |    21 |    10 ||    42
